 Dungeon Crawl Stone Soup version 0.20.1-1-g8b1a95d (webtiles) character file.

95 Folque the Magician (level 4, -1/29 HPs)
             Began as an Octopode Wizard on Nov 22, 2017.
             Slain by an orc wizard
             ... wielding a +0 dagger
              (2 damage)
             ... on level 3 of the Dungeon.
             The game lasted 00:10:02 (2239 turns).

Folque the Magician (Octopode Wizard)               Turns: 2239, Time: 00:10:03

Health: -1/29      AC:  1    Str:  6    XL:     4   Next: 65%
Magic:  2/9        EV: 13    Int: 21    God:
Gold:   108        SH:  0    Dex: 10    Spells: 2/10 levels left

rFire    + . .     SeeInvis .   l - +0 short sword
rCold    + . .     Gourm    .   (no shield)
rNeg     . . .     Faith    .   a - +0 hat
rPois    +         Spirit   .   (no amulet)
rElec    +         Reflect  .   (no ring)
rCorr    +         Harm     .   (no ring)
MR       .....                  (no ring)
Stlth    ++........             (no ring)
Regen    0.1/turn               (no ring)
MPRegen  0.2/turn               (no ring)
                                (no ring)
                                (no ring)

@: confused, resistant
A: almost no armour, stealthy swim, amphibious, 8 rings, constrict 8, camouflage
1, gelatinous body 1
a: no special abilities


You were on level 3 of the Dungeon.
You were not hungry.

You visited 1 branch of the dungeon, and saw 3 of its levels.

You collected 108 gold pieces.

Inventory:

Hand Weapons
 g - a +0 dagger
 l - a +0 short sword (weapon)
Missiles
 j - 7 javelins (quivered)
Armour
 a - a +0 hat (worn)
Wands
 v - a wand of acid (11/15)
Scrolls
 f - a scroll of enchant armour {unknown}
 h - 3 scrolls of remove curse
 k - 3 scrolls of identify
 m - 2 scrolls of immolation
 p - a scroll of teleportation {unknown}
Potions
 o - a potion of resistance
 r - a potion of heal wounds {unknown}
 s - a potion of might {unknown}
 t - a potion of flight {unknown}
 w - 2 potions of curing {unknown}
Books
 b - a book of Minor Magic

   Spells                             Type                      Level
   a - Magic Dart                     Conjuration                  1
   b - Blink                          Translocation                2
   c - Call Imp                       Summoning                    2
   d - Slow                           Hexes                        2
   e - Conjure Flame                  Conjuration/Fire             3
   f - Mephitic Cloud                 Conjuration/Poison/Air       3
 u - a book of Misfortune

   Spells                             Type                      Level
   a - Confusing Touch                Hexes                        1
   b - Confuse                        Hexes                        3
   c - Gell's Gravitas                Translocation                3
   d - Petrify                        Transmutation/Earth          4
   e - Metabolic Englaciation         Hexes/Ice                    5
   f - Yara's Violent Unravelling     Hexes/Transmutation          5
Comestibles
 c - 3 bread rations
 d - 5 meat rations
 n - 2 royal jellies


   Skills:
 - Level 2.0 Fighting
 - Level 2.0 Dodging
 - Level 3.0 Stealth
 + Level 3.5 Spellcasting
 + Level 1.9 Conjurations
 - Level 1.0 Summonings
 - Level 1.0 Translocations
 * Level 2.2 Poison Magic


You had 2 spell levels left.
You knew the following spells:

 Your Spells              Type           Power        Failure   Level  Hunger
a - Magic Dart            Conj           ##..         6%          1    None
b - Call Imp              Summ           #.......     13%         2    ##.....
c - Blink                 Tloc           N/A          13%         2    ##.....
d - Mephitic Cloud        Conj/Pois/Air  #.......     22%         3    ###....


Dungeon Overview and Level Annotations

Branches:
Dungeon (3/15)

Altars:
Zin

Annotations:
D:3 dscm's ghost, weakling DsGl


Innate Abilities, Weirdness & Mutations

You cannot wear most types of armour.
You are very stealthy in the water. (Stealth+)
You are amphibious.
You can wear up to eight rings at the same time.
You can use your tentacles to constrict eight enemies at once.
Your skin changes colour to match your surroundings (Stealth+).
Your rubbery body absorbs attacks. (AC +1, EV +1)


Message History

Throwing (i - inventory):
j - 7 javelins (quivered)
Press: ? - help, Shift-Dir - straight line, f/p - orc
Aim: an orc, wielding a trident (noxious fumes, lightly wounded, confused)
Okay, then.
The orc is engulfed in noxious fumes.
The orc appears confused.
The orc wizard mumbles some strange words.
The orc wizard flickers and vanishes!
Deactivating autopickup; reactivate with Ctrl-A.
Things that are here:
a dagger; an orc corpse You're too confused to move!
The hobgoblin hits you with a club.
* * * LOW HITPOINT WARNING * * *
The orc is engulfed in noxious fumes.
The orc appears confused.
Something hits you.
* * * LOW HITPOINT WARNING * * *
It was a potion of resistance.
You feel protected. The hobgoblin closely misses you.
The orc is engulfed in noxious fumes.
The orc appears confused.
Something hits you.
You die...

*,,,,,,,,**#.#***
#####.#.#
*,,,,,,,,,,...,.# #.#..
*,,,,,,,,,*#.##.##
#####
***********#.#...# #...
#.#.o.# #.## #.#§§o#
*,* #.#§§.#******** *,*
#.#.{.#,,,,,,,* *,*
#####.g@#**,*****,***,*
#....†### *,* *,,,,,,*
#.###.# *,* ********
#.# #.# *,* #.#
#.#****,* #.#
#..,,,*,********** #.#
###**,*,,,,,,,,,,* #.#
*,*********,** #####
#.# *,* *,*


You could see 2 orcs and a hobgoblin.

Vanquished Creatures
  2 adders
  2 dart slugs
  A leopard gecko (D:2)
  An orc (D:3)
  7 bats
  2 giant cockroaches (D:2)
  5 goblins
  9 hobgoblins
  3 jackals (D:1)
  4 kobolds
  5 frilled lizards
  3 rats (D:1)
44 creatures vanquished.

Vanquished Creatures (collateral kills)
  2 adders (D:2)
  4 worms (D:2)
  A ball python (D:2)
  A goblin (D:2)
  A kobold (D:2)
  A rat (D:2)
10 creatures vanquished.

Grand Total: 54 creatures vanquished

Notes
Turn   | Place    | Note
-------+----------+-------------------------------------------
     0 | D:1      | Folque the Octopode Wizard began the quest for the Orb.
     0 | D:1      | Reached XP level 1. HP: 11/11 MP: 4/4
   273 | D:1      | Reached XP level 2. HP: 16/18 MP: 3/6
   315 | D:1      | Reached skill level 1 in Fighting
   664 | D:1      | Reached XP level 3. HP: 24/24 MP: 7/7
   771 | D:2      | Learned a level 2 spell: Call Imp
   774 | D:2      | Learned a level 2 spell: Blink
   778 | D:2      | Learned a level 3 spell: Mephitic Cloud
   872 | D:2      | Found a glowing silver altar of Zin.
  1191 | D:2      | Reached skill level 1 in Poison Magic
  1197 | D:2      | Reached XP level 4. HP: 13/29 MP: 1/9
  1814 | D:3      | Found a faded altar of an unknown god.
  1889 | D:3      | Noticed dscm's ghost (weakling DsGl)
  2238 | D:3      | HP: 1/29 [something (5)]
  2239 | D:3      | Slain by an orc wizard

Skill      XL: |  1  2  3  4 |
---------------+-------------+-----
Fighting       | 1 2 |  2.0
Stealth        | 3 |  3.0
Poison Magic   | 1 2 |  2.2
Dodging        | |  2.0
Spellcasting   | |  3.5
Conjurations   | |  1.9
Summonings     | |  1.0
Translocations | |  1.0

Action                   |  1- 3 |  4- 6 || total
-------------------------+-------+-------++-------
Melee: Club              |    10 |       ||    10
       Unarmed           |     5 |       ||     5
       Constrict         |    15 |    11 ||    26
       Dagger            |    16 |       ||    16
       Short sword       |    31 |    37 ||    68
       Tentacles         |     7 |     2 ||     9
Throw: Javelin           |       |     1 ||     1
 Cast: Magic Dart        |    26 |    10 ||    36
       Call Imp          |     7 |     8 ||    15
       Mephitic Cloud    |       |     3 ||     3
  Use: Scroll            |       |     6 ||     6
       Potion            |       |     1 ||     1
 Stab: Sleeping          |    12 |     3 ||    15
  Eat: Chunk             |     1 |     4 ||     5
Armor: Skin              |     2 |     5 ||     7
Dodge: Dodged            |    42 |    34 ||    76
